 Dungeon Crawl Stone Soup version 0.25-a0-341-g6f074c887a (webtiles) character file.

Game seed: 12154399680063675143, levelgen mode: classic

1019 Borgoz the Cudgeler (level 8, 0/51 HPs)
             Began as a Gargoyle Fighter on Dec 30, 2019.
             Was a Follower of Okawaru.
             Slain by a slave (1 damage)
             ... led by Pikel
             ... on level 6 of the Dungeon.
             The game lasted 00:07:13 (5995 turns).

Borgoz the Cudgeler (Gargoyle Fighter)              Turns: 5995, Time: 00:07:14

Health: 0/51       AC: 19    Str: 19 (21) XL:     8   Next: 22%
Magic:  8/8        EV: 11    Int:  7 (10) God:    Okawaru [*.....]
Gold:   251        SH:  0    Dex: 11 (14) Spells: 7/7 levels left

rFire    + . .     SeeInvis .   q - +6 hand axe "Wuclaet" {freeze, MR+}
rCold    + . .     Gourm    .   (no shield)
rNeg     + . .     Faith    .   i - +0 plate armour
rPois    ∞         Spirit   .   (no helmet)
rElec    +         Reflect  .   (no cloak)
rCorr    +         Harm     .   n - +0 pair of gloves
MR       +....                  m - -1 pair of boots
Stlth    ..........             (no amulet)
HPRegen  0.17/turn              (no ring)
MPRegen  0.11/turn              (no ring)

@: agile, resistant
A: negative energy resistance 1, electricity resistance, unbreathing,
petrification resistance, rot immunity, AC +5
a: Heroism, Renounce Religion


You were on level 6 of the Dungeon.
You worshipped Okawaru.
Okawaru was aware of your devotion.
You were hungry.

You visited 2 branches of the dungeon, and saw 7 of its levels.

You collected 251 gold pieces.

Inventory:

Hand Weapons
 a - a +0 flail
 q - the +6 hand axe "Wuclaet" (weapon) {freeze, MR+}
   (You found it on level 4 of the Dungeon)

   It has been specially enchanted to freeze those struck by it, causing extra
   injury to most foes and up to half again as much damage against particularly
   susceptible opponents.
   It can also slow down cold-blooded creatures.
   It affects your resistance to hostile enchantments.
Armour
 c - a +0 shield
 i - a +0 plate armour (worn)
 m - a -1 pair of boots (worn)
 n - a +0 pair of gloves (worn)
Wands
 l - a wand of enslavement (5)
Scrolls
 k - 6 scrolls of teleportation {unknown}
 o - 2 scrolls of amnesia {unknown}
 r - a scroll of magic mapping {unknown}
 s - a scroll of enchant weapon {unknown}
 u - 2 scrolls of remove curse
 v - 2 scrolls of identify
 w - a scroll of acquirement {unknown}
 x - a scroll of enchant armour {unknown}
 y - a scroll of blinking {unknown}
 z - a scroll of fear {unknown}
Potions
 b - 3 potions of mutation
 h - a potion of brilliance {unknown}
 p - a potion of degeneration
 t - 2 potions of might
Comestibles
 f - 10 rations


   Skills:
 + Level 6.0 Fighting
 * Level 6.9 Maces & Flails
 + Level 6.0 Armour
 - Level 3.2 Shields


You had 7 spell levels left.
You didn't know any spells.
Your spell library was empty.

Dungeon Overview and Level Annotations

Branches:
Dungeon (6/15)             Temple (1/1) D:4

Altars:
Ashenzari
Dithmenos
Elyvilon
Hepliaklqana
Kikubaaqudgha
Nemelex Xobeh
Okawaru
Qazlal
Ru
Sif Muna
Trog
Uskayaw
Wu Jian
Xom

Annotations:
D:6 Pikel


Innate Abilities, Weirdness & Mutations

You are resistant to torment.
Your stone body is resilient. (AC +5)
You are immune to poison.
You resist negative energy. (rN+)
You are resistant to electric shocks. (rElec)
You can survive without breathing.
You are immune to petrification.
You are immune to rotting.


Message History

You hit Pikel but do no damage. You hit the slave. You freeze the slave.
The slave hits you but does no damage.
Pikel zaps a wand.
You resist with some effort. The slave barely misses you.
You slash the slave! You freeze the slave.
You kill the slave!
That felt strangely unrewarding.
You hit Pikel. You freeze Pikel. You hit the slave. You freeze the slave.
Pikel zaps a wand.
You are blasted!
* * * LOW HITPOINT WARNING * * *
The slave hits you but does no damage.
Unknown command.
It was a potion of degeneration.
There was something very wrong with that liquid.
You feel weakened.
You feel dopey.
You feel clumsy.
The howler monkey skeleton hits you but does no damage.
Pikel drinks a potion.
Pikel is healed!
The slave hits you but does no damage.
It was a potion of resistance.
You feel protected.
The howler monkey skeleton hits you but does no damage.
Pikel hits you but does no damage. The slave hits you.
You die...

..# ... ###
..##... #..
....... #.# ...$.
#.# .... #.# ..#
#.#####.####p.#
#..........@K.###.
######.##..Z......
#.##..#######
#.##^.# #.##..#
##.##... .#
#..###.#. .# #.##
#... ..# #.#
#.#...# #.#


You could see Pikel, a slave and a howler monkey skeleton.

Vanquished Creatures
  3 slaves (D:6)
  An ice beast (D:5)
  An ogre (D:5)
  A centaur (D:5)
  A crimson imp (D:6)
  A bullfrog zombie (D:6)
  A bullfrog skeleton (D:5)
  A hound (D:4)
  3 orc priests
  7 orc wizards
  Jessica (D:3)
  3 worker ants
  2 worker ant zombies (D:5)
  4 gnolls (D:4)
  6 adders
  6 worms
  2 dart slugs (D:3)
  4 leopard geckos
  21 orcs
  2 ball pythons
  3 giant cockroaches
  5 goblins
  7 hobgoblins
  10 jackals
  5 kobolds
  2 quokkas
  7 bats
  6 frilled lizards
  A leopard gecko skeleton (D:4)
  A leopard gecko zombie (D:6)
  14 rats
132 creatures vanquished.

Notes
Turn   | Place    | Note
-------+----------+-------------------------------------------
     0 | D:1      | Borgoz the Gargoyle Fighter began the quest for the Orb.
     0 | D:1      | Reached XP level 1. HP: 14/14 MP: 1/1
   167 | D:1      | Reached XP level 2. HP: 19/19 MP: 2/2
   846 | D:2      | Reached XP level 3. HP: 15/23 MP: 3/3
  1129 | D:2      | Found a shattered altar of Ashenzari.
  1160 | D:2      | Reached XP level 4. HP: 29/29 MP: 4/4
  1787 | D:2      | Reached XP level 5. HP: 30/33 MP: 5/5
  2035 | D:3      | Found a shimmering altar of Xom.
  2215 | D:3      | Noticed Jessica
  2239 | D:3      | Killed Jessica
  2370 | D:3      | Found a white marble altar of Elyvilon.
  2820 | D:3      | Reached XP level 6. HP: 39/39 MP: 6/6
  3061 | D:4      | Reached skill level 5 in Maces & Flails
  3368 | D:4      | Found a staircase to the Ecumenical Temple.
  3385 | D:4      | Got a brightly glowing hand axe
  3393 | D:4      | Identified the +6 hand axe "Wuclaet" {freeze, MR+} (You
                  | found it on level 4 of the Dungeon)
  3400 | Temple   | Entered the Ecumenical Temple
  3599 | Temple   | Became a worshipper of Warmaster Okawaru
  3650 | D:4      | Reached skill level 5 in Fighting
  3650 | D:4      | Reached skill level 5 in Armour
  3674 | D:4      | Reached XP level 7. HP: 40/44 MP: 7/7
  4674 | D:5      | Entered Level 5 of the Dungeon
  4895 | D:5      | Noticed a moth of wrath
  4898 | D:5      | Found a bloodstained altar of Trog.
  5187 | D:5      | Found a stormy altar of Qazlal.
  5189 | D:5      | Noticed a fire elemental
  5190 | D:5      | Noticed an air elemental
  5190 | D:5      | Noticed a water elemental
  5234 | D:5      | Reached * piety under Okawaru
  5234 | D:5      | Reached XP level 8. HP: 34/51 MP: 8/8
  5971 | D:6      | Noticed Pikel
  5993 | D:6      | HP: 1/51 [disintegration (21)]
  5995 | D:6      | Slain by a slave

Levels and vault maps discovered:
D:1:      dpeg_arrival_water_temple_mockup, layout_basic, minmay_statues_item,
          serial_bayou_crossing
D:2:      minmay_diamond_boxcup, layout_rooms, nicolae_overflow_hidden_temple
D:3:      layout_basic, marbit_many_paths, old_standard_altar, first_ration,
          uniq_jessica
D:4:      layout_basic, minmay_temple_entry_glass
D:5:      layout_loops_ring, tgw_trog, nicolae_qazlal_style_of_elements
D:6:      layout_loops_ring, grunt_temple_overflow_lords_of_destruction,
          grunt_ministairs_7, uniq_pikel
Temple:   dpeg_chambers_temple

Skill      XL: |  1  2  3  4  5  6  7  8 |
---------------+-------------------------+-----
Maces & Flails | 3 4 5 6 |  6.9
Fighting       | 4 5 6 |  6.0
Armour         | 4 5 6 |  6.0
Shields        | |  3.2

Action                   |  1- 3 |  4- 6 |  7- 9 || total
-------------------------+-------+-------+-------++-------
Melee: Flail             |   111 |   200 |       ||   311
       Hand axe          |       |    16 |   135 ||   151
  Use: Scroll            |       |     4 |       ||     4
       Potion            |       |     2 |     7 ||     9
  Eat: Chunk             |     1 |     8 |     7 ||    16
Armor: Plate armour      |    75 |   196 |   125 ||   396
       Scale mail        |     5 |       |       ||     5
Dodge: Dodged            |    25 |    72 |    42 ||   139
Block: Shield            |     4 |       |       ||     4

Table legend:
 A = Non-vault XP
 B = Vault XP
 C = Vault XP percentage of total XP
 D = Non-vault monster count
 E = Vault monster count
 F = Vault count percentage of total count
                 A         B        C        D         E       F
            +---------+---------+-------+---------+---------+-------
      Total |    1389 |      68 |   4.7 |     113 |      16 |  12.4
            +---------+---------+-------+---------+---------+-------
        D:1 |      18 |       0 |   0.0 |      13 |       0 |   0.0
        D:2 |      98 |      19 |  16.2 |      16 |       8 |  33.3
        D:3 |     196 |      39 |  16.6 |      31 |       2 |   6.1
        D:4 |     308 |       0 |   0.0 |      26 |       0 |   0.0
        D:5 |     533 |       9 |   1.7 |      16 |       5 |  23.8
        D:6 |     236 |       1 |   0.4 |      11 |       1 |   8.3
            +---------+---------+-------+---------+---------+-------
